 Dungeon Crawl Stone Soup version 0.19.3-4-gbf9329e (console) character file.

14253 Kloppie the Cleaver (level 11, -3/129 HPs)
             Began as a Demonspawn Berserker on Jan 30, 2017.
             Was a High Priest of Trog.
             Slain by a yak (10 damage)
             ... led by a torpor snail
             ... on level 2 of the Lair of Beasts.
             The game lasted 00:17:46 (11434 turns).

Kloppie the Cleaver (Demonspawn Berserker)         Turns: 11434, Time: 00:17:47

Health: -3/129     AC: 14    Str: 27    XL:     11   Next: 86%
Magic:  9/9        EV: 15    Int:  3    God:    Trog [*****.]
Gold:   576        SH:  9    Dex: 14    Spells: 0 memorised, 10 levels left

rFire  + + .     SeeInvis .     a - +1 war axe (freeze)
rCold  . . .     Gourm    .     G - +1 ring mail "Quliges" {rF+ rN+ Int-5 Slay+3}
rNeg   + . .     Faith    .     (no shield)
rPois  +         Spirit   .     (helmet restricted)
rElec  .         Reflect  +     x - +1 cloak
rCorr  .         Harm     .     (no gloves)
MR     ++...                    j - +0 pair of boots
Stlth  ..........               k - +5 amulet of reflection
                                n - ring of poison resistance
                                i - +3 ring of protection

@: berserking (expiring), regenerating, slowed
A: antennae 2, large bone plates 1, demonic guardian 2, fire resistance 1, foul
stench 1, low mp 1, screaming 1, strong 1, rot immunity
a: Berserk, Trog's Hand, Brothers in Arms, Burn Spellbooks, Renounce Religion


You were on level 2 of the Lair of Beasts.
You worshipped Trog.
Trog was extremely pleased with you.
You were not hungry.

You visited 2 branches of the dungeon, and saw 12 of its levels.

You collected 768 gold pieces.
You spent 192 gold pieces at shops.

Inventory:

Hand Weapons
 a - a +1 war axe of freezing (weapon)
 b - a +2 mace of crushing
Armour
 j - a +0 pair of boots (worn)
 t - a +0 plate armour
 x - a +1 cloak (worn)
 F - a +0 shield
 G - the +1 ring mail "Quliges" (worn) {rF+ rN+ Int-5 Slay+3}
   (You found it on level 8 of the Dungeon)

   It affects your intelligence (-5).
   It affects your accuracy and damage with ranged weapons and melee attacks
   (+3).
   It protects you from fire.
   It protects you from negative energy.
Jewellery
 i - a +3 ring of protection (left hand)
 k - a +5 amulet of reflection (around neck)
 n - a ring of poison resistance (right hand)
 B - an uncursed ring of flight
Wands
 e - a wand of digging (9/24)
 h - a wand of slowing (18/48)
Scrolls
 d - 7 scrolls of remove curse
 l - 4 scrolls of fog
 p - 5 scrolls of identify
 w - 4 scrolls of teleportation
 A - 3 scrolls of recharging
Potions
 f - a potion of invisibility
 g - a potion of cancellation
 m - 2 potions of brilliance
 q - a potion of agility
 r - 3 potions of might {unknown}
 s - 2 potions of resistance {unknown}
 z - a potion of flight
 C - 4 potions of curing
 E - 2 potions of lignification
 I - 2 potions of haste {unknown}
Comestibles
 c - 13 bread rations
 o - 3 chunks of flesh
 u - 10 fruits
 v - a slice of pizza
 K - 2 meat rations


   Skills:
 - Level 8.0 Fighting
 + Level 10.6 Axes
 - Level 9.1 Armour
 - Level 7.0 Dodging
 * Level 6.3 Shields


You had 10 spell levels left.
You didn't know any spells.

Dungeon Overview and Level Annotations

Branches:
Dungeon (10/15)            Temple (0/1) D:7            Lair (2/6) D:9
 Shoals (0/4) Lair:2
  Snake: Lair:2-4    Spider: Lair:2-4       Orc: D:9-12

Altars:
Ashenzari
Cheibriados
Dithmenos
Elyvilon
Fedhas
Makhleb
Yredelemnul

Shops:
D:5 (   D:6 *}


Innate Abilities, Weirdness & Mutations

You have a pair of antennae on your head.
You are partially covered in large bone plates. (SH +4)
A demonic guardian rushes to your aid.
You may emit foul miasma when damaged in melee.
You are immune to rotting.
Your flesh is heat resistant. (rF+)
Your magical capacity is low. (-10% MP)
You occasionally shout uncontrollably at your foes.
Your muscles are strong. (Str +2)


Message History

The torpor snail bites you!
* * * LOW HITPOINT WARNING * * *
The yak gores you!
* * * LOW HITPOINT WARNING * * *
The yak looks sick.
You slash the yak! You freeze the yak.
The yak is almost dead.
You hit the hippogriff. You freeze the hippogriff. You hit the yak.
You freeze the yak. You hit the torpor snail. You freeze the torpor snail.
The hippogriff barely misses you. You block the hippogriff's attack. x2
The yak gores you but does no damage.
You hit the torpor snail but do no damage.
The torpor snail is almost dead.
You barely miss the yak. You slash the hippogriff! You freeze the hippogriff.
You barely miss the yak. You block the yak's attack.
The torpor snail barely misses you. The hippogriff bites you!
* * * LOW HITPOINT WARNING * * *
The hippogriff pecks you but does no damage.
The hippogriff looks sick.
The hippogriff barely misses you. The yak gores you!
You die...

#.....##
#....##
##...รท##
#.....#
##....##
#....## ##...##
##..3.# {
#Y@..## #wYH[#
.........
.............
...............
#P#.##P##...###
# ## ## #P## ##


You could see a torpor snail, a hippogriff, 2 yaks and a friendly sixfirhy.

Vanquished Creatures
  Erolcha (D:9)
  A death yak (D:9)
  The ghost of fatfloppyjuicyveiny the Spear-Bearer, a novice OpBe of Trog (D:8)
  A hill giant (D:10)
  Pikel (D:5)
  An elephant (D:9)
  3 black mambas
  4 spiny frogs (Lair:2)
  2 kobold demonologists (D:10)
  A troll (D:9)
  A merfolk (D:10)
  A two-headed ogre (D:9)
  2 hippogriffs
  A vampire (D:10)
  7 yaks
  3 hungry ghosts
  The ghost of fatfloppyjuicyveiny the Poker, an amateur OpBe of Trog (D:4)
  5 water moccasins
  4 porcupines
  A sky beast (D:5)
  An orc warrior (D:6)
  A black bear (D:7)
  3 ice beasts (D:7)
  A phantom (D:7)
  A necrophage (D:9)
  2 ogres
  4 centaurs
  3 crocodiles
  8 bullfrogs
  A wyvern skeleton (D:9)
  2 scorpions
  8 killer bees
  4 wights (D:10)
  A howler monkey (D:8)
  2 electric eels (D:6)
  5 crimson imps
  A centaur zombie (D:6)
  4 hounds
  A jelly (D:7)
  3 orc wizards
  A bullfrog zombie (D:8)
  A centaur skeleton (D:8)
  2 orc priests
  An iguana (D:10)
  8 worker ants
  3 hound skeletons
  A howler monkey skeleton (D:4)
  6 gnolls (D:5)
  9 adders
  4 shadow imps
  2 oozes
  A worm (D:3)
  6 dart slugs
  3 leopard geckos
  15 orcs
  6 bats
  10 giant cockroaches
  8 goblins
  8 hobgoblins
  13 jackals
  9 kobolds
  5 quokkas
  5 frilled lizards
  A jackal skeleton (D:4)
  A quokka skeleton (D:5)
  7 rats
234 creatures vanquished.

Vanquished Creatures (collateral kills)
  The ghost of cba the Covert, a novice OpAs of Dithmenos (D:9)
  Nergalle (Lair:2)
  A siren (Lair:2)
  A spiny frog (Lair:2)
  Sigmund (D:6)
  2 yaks (Lair:1)
  An ice beast (D:5)
  A sky beast (D:10)
  2 slaves
  An ogre (D:6)
  A centaur (D:6)
  A crocodile (D:9)
  A big kobold (D:10)
  2 orcs (D:6)
  A butterfly (Lair:1)
18 creatures vanquished.

Vanquished Creatures (others)
  A slave (D:5)
  A sky beast (D:5)
  A howler monkey (D:5)
  A crimson imp (D:5)
  A howler monkey zombie (D:5)
  An adder zombie (D:5)
  A leopard gecko (D:5)
  2 orcs (D:5)
  A leopard gecko skeleton (D:5)
10 creatures vanquished.

Grand Total: 262 creatures vanquished

Notes
Turn   | Place    | Note
-------+----------+-------------------------------------------
     0 | D:1      | Kloppie the Demonspawn Berserker began the quest for the Orb.
     0 | D:1      | Reached XP level 1. HP: 18/18 MP: 1/1
   249 | D:1      | Gained mutation: You are immune to rotting. [demonic ancestry]
   249 | D:1      | Reached XP level 2. HP: 24/24 MP: 2/2
   597 | D:1      | Reached skill level 3 in Axes
   612 | D:1      | Gained mutation: You have a pair of small antennae on your head. [demonic ancestry]
   612 | D:1      | Reached XP level 3. HP: 21/30 MP: 3/3
  1044 | D:2      | Found a burning altar of Makhleb.
  1053 | D:2      | Gained mutation: A weak demonic guardian rushes to your aid. [demonic ancestry]
  1053 | D:2      | Reached XP level 4. HP: 21/38 MP: 4/4
  1413 | D:2      | Reached ** piety under Trog
  2709 | D:3      | Gained mutation: A demonic guardian rushes to your aid. [demonic ancestry]
  2709 | D:3      | Reached XP level 5. HP: 16/43 MP: 5/5
  3035 | D:3      | Reached skill level 5 in Fighting
  3431 | D:3      | Reached *** piety under Trog
  3654 | D:3      | Reached skill level 4 in Axes
  3754 | D:4      | Noticed fatfloppyjuicyveiny's ghost (amateur OpBe)
  3762 | D:4      | Killed fatfloppyjuicyveiny's ghost
  3762 | D:4      | Reached XP level 6. HP: 52/52 MP: 6/6
  3809 | D:4      | Found a shattered altar of Ashenzari.
  4354 | D:4      | Gained mutation: Your magical capacity is low. (-10% MP) [potion of mutation]
  4354 | D:4      | Gained mutation: Your flesh is heat resistant. (rF+) [potion of mutation]
  4355 | D:4      | Gained mutation: You occasionally shout uncontrollably at your foes. [potion of mutation]
  4355 | D:4      | Gained mutation: Your muscles are strong. (Str +2) [potion of mutation]
  4357 | D:5      | Entered Level 5 of the Dungeon
  4357 | D:5      | Noticed Pikel
  4357 | D:5      | Noticed a slave
  4357 | D:5      | Noticed a slave
  4360 | D:5      | Noticed a slave
  4368 | D:4      | Killed a slave
  4406 | D:5      | Noticed a slave
  4408 | D:5      | Noticed an ice beast
  4411 | D:5      | Killed a slave
  4416 | D:5      | Noticed a sky beast
  4416 | D:5      | Killed Pikel
  4416 | D:5      | Reached skill level 5 in Axes
  4416 | D:5      | Gained mutation: You are partially covered in large bone plates. (SH +4) [demonic ancestry]
  4416 | D:5      | Reached XP level 7. HP: 31/60 MP: 6/6
  4424 | D:5      | HP: 1/61 [something (6)]
  4727 | D:5      | Reached XP level 8. HP: 68/68 MP: 7/7
  5006 | D:5      | Found a white marble altar of Elyvilon.
  5109 | D:5      | Reached skill level 6 in Axes
  5207 | D:5      | Found Exzefef's Weapon Shoppe.
  5516 | D:6      | Found Rakuxod's Gadget Boutique.
  5713 | D:6      | Found Waifaul's Assorted Antiques.
  5721 | D:6      | Bought a scroll labeled NEZADE ESANI for 32 gold pieces
  5721 | D:6      | Bought an iron ring for 160 gold pieces
  5810 | D:6      | Found a blossoming altar of Fedhas.
  6254 | D:6      | Noticed Sigmund
  6261 | D:6      | Killed Sigmund
  6286 | D:6      | Reached skill level 5 in Armour
  6894 | D:7      | Found a staircase to the Ecumenical Temple.
  6913 | D:7      | Reached **** piety under Trog
  6913 | D:7      | Reached XP level 9. HP: 41/74 MP: 8/8
  7064 | D:7      | Reached skill level 7 in Axes
  7173 | D:7      | Found a shadowy altar of Dithmenos.
  7457 | D:8      | Noticed fatfloppyjuicyveiny's ghost (novice OpBe)
  7458 | D:8      | Found Akobe's Changing Room.
  7461 | D:8      | Killed fatfloppyjuicyveiny's ghost
  7777 | D:8      | Got a fine ring mail
  7788 | D:8      | Identified the +1 ring mail "Quliges" {rF+ rN+ Int-5 Slay+3} (You found it on level 8 of the Dungeon)
  7798 | D:8      | Found a basalt altar of Yredelemnul.
  7799 | D:8      | Found a snail-covered altar of Cheibriados.
  8073 | D:9      | Reached skill level 8 in Axes
  8095 | D:9      | Noticed a troll
  8100 | D:9      | Killed a troll
  8262 | D:9      | Noticed Erolcha
  8270 | D:9      | Killed Erolcha
  8270 | D:9      | Gained mutation: You have a pair of antennae on your head. [demonic ancestry]
  8270 | D:9      | Reached XP level 10. HP: 80/80 MP: 9/9
  8460 | D:9      | Noticed a death yak
  8460 | D:9      | Noticed cba's ghost (novice OpAs)
  8462 | D:9      | Noticed an elephant
  8468 | D:9      | Killed cba's ghost
  8469 | D:9      | Found a staircase to the Lair.
  8472 | D:9      | Killed a death yak
  8475 | D:9      | Killed an elephant
  8475 | D:9      | Reached skill level 9 in Axes
  8475 | D:9      | Received a gift from Trog
  8528 | D:9      | Reached skill level 5 in Dodging
  8774 | D:10     | Entered Level 10 of the Dungeon
  8774 | D:10     | Noticed a hill giant
  8787 | D:10     | Killed a hill giant
  8962 | D:10     | Gained mutation: You may emit foul miasma when damaged in melee. [demonic ancestry]
  8962 | D:10     | Reached XP level 11. HP: 70/86 MP: 9/9
  9747 | Lair:1   | Entered Level 1 of the Lair of Beasts
  9915 | Lair:1   | Reached skill level 1 in Shields
  9944 | Lair:1   | Reached ***** piety under Trog
  9998 | Lair:1   | Reached skill level 10 in Axes
 10054 | Lair:1   | Received a gift from Trog
 10895 | Lair:2   | Reached skill level 5 in Shields
 10904 | Lair:2   | HP: 4/86 [poisoned by a spiny frog]
 10911 | Lair:2   | HP: 4/86 [poisoned by a spiny frog]
 10916 | Lair:2   | HP: 4/86 [poisoned by a spiny frog]
 11303 | Lair:2   | Found a staircase to the Shoals.
 11421 | Lair:2   | Noticed Nergalle
 11428 | Lair:2   | Killed Nergalle
 11434 | Lair:2   | Slain by a yak

Skill      XL: |  1  2  3  4  5  6  7  8  9 10 11 |
---------------+----------------------------------+-----
Axes           | 3 4 5 6 8 9 10 | 10.6
Fighting       | 4 5 7 8 |  8.0
Armour         | 5 9 |  9.1
Dodging        | 6 7 |  7.0
Shields        | 6 |  6.3

Action                   |  1- 3 |  4- 6 |  7- 9 | 10-12 || total
-------------------------+-------+-------+-------+-------++-------
Melee: Hand axe          |   107 |   253 |   228 |       ||   588
       War axe           |       |       |   132 |   262 ||   394
Invok: Berserk           |     2 |     3 |     6 |     3 ||    14
       Trog's Hand       |       |       |     3 |     2 ||     5
  Use: Scroll            |       |     8 |     4 |     3 ||    15
       Potion            |       |     5 |     4 |     2 ||    11
 Stab: Sleeping          |       |     3 |       |       ||     3
       Distracted        |       |       |     1 |       ||     1
  Eat: Chunk             |     2 |     8 |    18 |     9 ||    37
       Bread ration      |       |     1 |       |       ||     1
       Fruit             |       |       |     1 |       ||     1
       Beef jerky        |       |       |     1 |       ||     1
       Meat ration       |       |       |       |     2 ||     2
Armor: Leather armour    |    27 |    45 |     8 |       ||    80
       Animal skin       |     2 |       |       |       ||     2
       Scale mail        |       |       |   100 |       ||   100
       Ring mail         |       |       |     7 |    73 ||    80
Dodge: Dodged            |    71 |   184 |   142 |   151 ||   548
Block: Other             |       |    13 |   149 |   105 ||   267
       Reflection        |       |       |       |     6 ||     6
